 Dungeon Crawl Stone Soup version 0.23.2-1-ga50397a (webtiles) character file.

Game seed: 12342534198691022874

14341 davaitedunem the Basher (level 11, -8/123 HPs)
             Began as a Minotaur Berserker on Apr 22, 2019.
             Was an Elder of Trog.
             Mangled by a purple very ugly thing (26 damage)
             ... on level 2 of the Abyss.
             The game lasted 00:58:52 (9334 turns).

davaitedunem the Basher (Minotaur Berserker)        Turns: 9334, Time: 00:58:52

Health: -8/123     AC: 12    Str: 30    XL:     11   Next: 87%
Magic:  0/10       EV: 16    Int:  4    God:    Trog [****..]
Gold:   663        SH:  0    Dex: 10    Spells: 10/10 levels left

rFire    + . .     SeeInvis .   g - +4 quarterstaff (chaos)
rCold    + . .     Gourm    .   (shield currently unavailable)
rNeg     + . .     Faith    .   E - +0 plate armour
rPois    +         Spirit   +   (helmet restricted)
rElec    +         Reflect  .   y - scarf {Spirit}
rCorr    +         Harm     .   (no gloves)
MR       ++...                  n - +0 pair of boots
Stlth    ..........             (no amulet)
HPRegen  1.30/turn              i - +3 ring of evasion
MPRegen  0.12/turn              C - ring of positive energy

@: berserking, resistant, regenerating, very quick
A: retaliatory headbutt, horns 2
a: Berserk, Trog's Hand, Brothers in Arms, Renounce Religion


You were on level 2 of the Abyss.
You worshipped Trog.
Trog was greatly pleased with you.
You were hungry.

You visited 2 branches of the dungeon, and saw 11 of its levels.
You visited the Abyss 1 time.

You collected 663 gold pieces.

Inventory:

Hand Weapons
 g - a +4 quarterstaff of chaos (weapon)
 u - a +1 flail of crushing
Armour
 n - a +0 pair of boots (worn)
 y - a scarf of spirit shield (worn)
 E - a +0 plate armour (worn)
Jewellery
 i - a +3 ring of evasion (left hand)
 m - an uncursed ring of magical power
 v - an uncursed ring of wizardry {unknown}
 C - a ring of positive energy (right hand)
Wands
 w - a wand of scattershot (4)
 x - a wand of flame (36)
Scrolls
 b - 3 scrolls of identify
 d - a scroll of torment {unknown}
 f - 3 scrolls of blinking {unknown}
 h - 2 scrolls of fog
 j - 2 scrolls of amnesia {unknown}
 k - a scroll of noise {unknown}
 o - 10 scrolls of teleportation
 s - a scroll of holy word {unknown}
 t - a scroll of remove curse
 A - a scroll of enchant armour
 F - a scroll of magic mapping
Potions
 a - 2 potions of flight
 e - a potion of might
 l - 4 potions of agility
 p - 3 potions of berserk rage {unknown}
 q - 5 potions of haste
Miscellaneous
 z - a fan of gales
Comestibles
 c - 31 rations


   Skills:
 - Level 3.6 Fighting
 - Level 13.4(15.3) Maces & Flails
 + Level 13.0(15.2) Staves
 - Level 2.4 Armour
 - Level 13.3 Dodging


You had 10 spell levels left.
You didn't know any spells.
Your spell library was empty.

Dungeon Overview and Level Annotations

Branches:
Dungeon (10/15)            Temple (0/1) D:5            Lair (1/6) D:8
    Orc (0/2) D:10

Altars:
Okawaru
Yredelemnul

Shops:
D:8 (

Annotations:
D:10 Psyche


Innate Abilities, Weirdness & Mutations

You reflexively headbutt those who attack you in melee.
You have a pair of horns on your head.


Message History

You feel somewhat more hungry.
Your ogre hits the purple very ugly thing with a +0 giant club!!
Your two-headed ogre barely misses the purple very ugly thing.
Your two-headed ogre hits the purple very ugly thing with a +0 giant spiked club!!
The purple very ugly thing gores you.
* * * LOW HITPOINT WARNING * * *
The purple very ugly thing headbutts your ogre.
The cyan ugly thing tail-slaps your ogre.
The cyan ugly thing shocks your ogre!
A red film seems to cover your vision as you go berserk!
You feel yourself moving faster!
You feel mighty!
You are feeling hungry.
Your ogre hits the purple very ugly thing with a +0 giant club!!
Your two-headed ogre barely misses the purple very ugly thing.
Your two-headed ogre hits the purple very ugly thing with a +0 giant spiked club!!
The purple very ugly thing dies!
Trog accepts your kill.
Your base Staves skill increases to level 13!
The purple very ugly thing gores you!!
You die...

.#..
###†##..# # .
##.#.#.O## ..
..
#_##...#.#.#
. .
#.....§##.##
. . .
###...#u.#.#
. .
.#.....OO####
# . .
..##.#†.## ..
# #. ..###u##
# # # .
..####@#..# #
.. .# #.# .
### .# .#. .
. # . #. ##
.. ## .. # .
# .. .


You could see a purple very ugly thing, a cyan ugly thing, a friendly two-headed
ogre (berserk) and a friendly ogre (berserk).

Vanquished Creatures
  Harold (D:8)
  3 two-headed ogres
  An unseen horror (D:10)
  Pikel (D:7)
  An ugly thing (Abyss:2)
  A spiny frog (Lair:1)
  A queen bee (shapeshifter) (D:8)
  The ghost of Edgemaster the Poker, an amateur MiGl (D:4)
  A troll (D:10)
  Prince Ribbit (D:9)
  3 blink frogs (Lair:1)
  A hippogriff (Lair:1)
  2 wyverns
  2 hungry ghosts
  A steam dragon (D:10)
  2 porcupines (Lair:1)
  4 water moccasins
  4 orc warriors
  Duvessa (D:7)
  A black bear (D:10)
  4 sky beasts
  3 ice beasts
  2 phantoms (D:10)
  4 necrophages
  5 ogres
  5 centaurs
  A big kobold (D:9)
  2 bullfrogs
  Dowan (D:7)
  A water moccasin skeleton (D:10)
  4 troll zombies (D:10)
  4 scorpions
  4 killer bees (D:10)
  2 howler monkeys
  3 crimson imps
  A bullfrog zombie (D:8)
  10 hounds
  4 orc priests
  A jelly (D:7)
  9 orc wizards
  Crazy Yiuf (D:7)
  Ijyb (D:4)
  3 iguanas
  5 worker ants
  4 ogre zombies (D:10)
  A hound skeleton (D:5)
  A howler monkey skeleton (D:6)
  13 adders
  A gnoll (D:3)
  2 shadow imps
  4 oozes
  An adder zombie (D:6)
  4 adder skeletons
  2 worms
  2 dart slugs (D:2)
  7 leopard geckos
  29 orcs
  8 giant cockroaches
  6 goblins
  22 hobgoblins
  13 jackals
  4 quokkas
  A ball python (D:3)
  A ball python skeleton (D:3)
  8 bats
  4 frilled lizards
  3 goblin skeletons (D:10)
  A hobgoblin skeleton (D:10)
  4 hobgoblin zombies (D:10)
  A jackal skeleton (D:6)
  15 kobolds
  2 leopard gecko zombies
  6 orc skeletons (D:10)
  11 orc zombies (D:10)
  11 rats
305 creatures vanquished.

Vanquished Creatures (collateral kills)
  A tentacled starspawn (Abyss:2)
  2 very ugly things (Abyss:2)
3 creatures vanquished.

Vanquished Creatures (others)
  An iguana (D:8)
  2 starspawn tentacles (Abyss:2)
3 creatures vanquished.

Grand Total: 311 creatures vanquished

Notes
Turn   | Place    | Note
-------+----------+-------------------------------------------
     0 | D:1      | davaitedunem the Minotaur Berserker began the quest for the
                  | Orb.
     0 | D:1      | Reached XP level 1. HP: 19/19 MP: 0/0
   156 | D:1      | Reached XP level 2. HP: 26/26 MP: 1/1
   552 | D:1      | Reached ** piety under Trog
   552 | D:1      | Reached skill level 5 in Maces & Flails
   659 | D:2      | Reached XP level 3. HP: 29/31 MP: 2/2
   815 | D:2      | Reached XP level 4. HP: 28/39 MP: 3/3
   853 | D:2      | You fall through a shaft!
  1258 | D:2      | Reached *** piety under Trog
  1561 | D:3      | Reached XP level 5. HP: 41/45 MP: 4/4
  1710 | D:3      | Found an iron altar of Okawaru.
  2231 | D:4      | Reached XP level 6. HP: 34/51 MP: 5/5
  2660 | D:4      | Noticed Ijyb
  2677 | D:4      | Killed Ijyb
  2677 | D:4      | Reached XP level 7. HP: 32/57 MP: 4/6
  2843 | D:4      | Reached XP level 8. HP: 64/64 MP: 7/7
  3020 | D:4      | Found a runed translucent door.
  3021 | D:4      | Reached skill level 10 in Maces & Flails
  3115 | D:4      | Noticed Edgemaster's ghost (amateur MiGl)
  3127 | D:4      | Killed Edgemaster's ghost
  3173 | D:5      | Entered Level 5 of the Dungeon
  3345 | D:5      | Found a staircase to the Ecumenical Temple.
  3489 | D:5      | Reached **** piety under Trog
  4026 | D:6      | Reached XP level 9. HP: 56/70 MP: 5/8
  4688 | D:7      | Noticed Duvessa
  4688 | D:7      | Noticed Dowan
  4696 | D:7      | Killed Duvessa
  4697 | D:7      | Killed Dowan
  4924 | D:7      | Noticed Pikel
  4941 | D:7      | Killed Pikel
  5090 | D:7      | Reached XP level 10. HP: 63/76 MP: 5/9
  5105 | D:7      | Reached ***** piety under Trog
  5200 | D:7      | Found a runed translucent door.
  5201 | D:7      | Noticed Crazy Yiuf
  5489 | D:7      | Killed Crazy Yiuf
  5610 | D:8      | Noticed a two-headed ogre
  5617 | D:8      | Killed a two-headed ogre
  5630 | D:8      | Noticed Harold
  5654 | D:8      | Killed Harold
  5654 | D:8      | Reached skill level 5 in Staves
  5926 | D:8      | Found a staircase to the Lair.
  5939 | D:8      | Found Lass's Antique Weapon Boutique.
  6374 | D:9      | Noticed Prince Ribbit
  6429 | D:9      | Killed Prince Ribbit
  6649 | D:9      | Noticed a two-headed ogre
  6671 | D:9      | Killed a two-headed ogre
  6673 | D:9      | Reached XP level 11. HP: 31/82 MP: 0/10
  7407 | Lair:1   | Entered Level 1 of the Lair of Beasts
  7961 | Lair:1   | Reached skill level 10 in Staves
  8274 | D:10     | Entered Level 10 of the Dungeon
  8320 | D:10     | Noticed a two-headed ogre
  8330 | D:10     | Killed a two-headed ogre
  8344 | D:10     | Received a gift from Trog
  8477 | D:10     | Killed an unseen horror
  8495 | D:10     | Noticed Psyche
  8714 | D:10     | Found a basalt altar of Yredelemnul.
  8907 | D:10     | Found a staircase to the Orcish Mines.
  9235 | D:10     | Cast into level 1 of the Abyss (Psyche)
  9249 | Abyss:1  | Found a corrupted altar of Lugonu.
  9265 | Abyss:2  | Found a corrupted altar of Lugonu.
  9268 | Abyss:2  | Noticed a purple ugly thing
  9272 | Abyss:2  | Noticed a purple ugly thing
  9290 | Abyss:2  | Killed a purple ugly thing
  9306 | Abyss:2  | Noticed a tentacled starspawn
  9311 | Abyss:2  | Killed a tentacled starspawn
  9316 | Abyss:2  | Noticed a purple very ugly thing
  9317 | Abyss:2  | Noticed a purple very ugly thing
  9324 | Abyss:2  | Noticed a purple very ugly thing
  9326 | Abyss:2  | Killed a purple very ugly thing
  9334 | Abyss:2  | Killed a purple very ugly thing
  9334 | Abyss:2  | Mangled by a purple very ugly thing

Skill      XL: |  1  2  3  4  5  6  7  8  9 10 11 |
---------------+----------------------------------+-----
Maces & Flails | 4 5 6 8 9 11 13 | 13.4
Dodging        | 13 | 13.3
Staves         | 8 13 | 13.0
Fighting       | |  3.6
Armour         | |  2.4

Action                   |  1- 3 |  4- 6 |  7- 9 | 10-12 || total
-------------------------+-------+-------+-------+-------++-------
Melee: Mace              |    75 |    27 |       |       ||   102
       Headbutt          |    14 |    25 |    41 |    68 ||   148
       Flail             |       |   128 |   268 |    24 ||   420
       Quarterstaff      |       |       |       |   365 ||   365
Invok: Berserk           |     1 |       |     5 |     4 ||    10
       Trog's Hand       |     1 |       |     3 |    11 ||    15
       Brothers in Arms  |       |       |       |     3 ||     3
  Use: Scroll            |       |       |     7 |     5 ||    12
       Potion            |       |       |     4 |    17 ||    21
 Stab: Paralysed         |       |       |       |     2 ||     2
       Confused          |       |       |       |     1 ||     1
       Petrifying        |       |       |       |     1 ||     1
  Eat: Chunk             |       |     7 |    13 |    23 ||    43
       Ration            |       |       |       |     1 ||     1
Armor: Animal skin       |    12 |       |       |       ||    12
       Ring mail         |    17 |    12 |       |       ||    29
       Scale mail        |       |    67 |       |       ||    67
       Chain mail        |       |       |    89 |     2 ||    91
       Plate armour      |       |       |       |   129 ||   129
Dodge: Dodged            |    57 |    91 |   153 |   219 ||   520
